 Dungeon Crawl Stone Soup version 0.22-a0-253-gf9d0ce5 (webtiles) character file.

103 Zwobot the Skirmisher (level 4, -1/49 HPs)
             Began as an Ogre Fighter on Mar 3, 2018.
             Succumbed to an adder's poison
             ... on level 2 of the Dungeon.
             The game lasted 00:05:06 (2189 turns).

Zwobot the Skirmisher (Ogre Fighter)                Turns: 2189, Time: 00:05:07

Health: -1/49      AC:  3    Str: 18 (21) XL:     4   Next: 79%
Magic:  4/4        EV: 10    Int:  6 (9)  God:
Gold:   71         SH:  0    Dex:  7 (8)  Spells: 3/3 levels left

rFire    . . .     SeeInvis .     - Unarmed
rCold    . . .     Gourm    .   (no shield)
rNeg     . . .     Faith    .   a - +0 robe
rPois    .         Spirit   .   (helmet restricted)
rElec    .         Reflect  .   (no cloak)
rCorr    .         Harm     .   (gloves unavailable)
MR       .....                  (boots unavailable)
Stlth    +.........             (no amulet)
HPRegen  0.16/turn              (no ring)
MPRegen  0.09/turn              (no ring)

@: lethally poisoned (-1 -> -7), slowed, very slow
A: large, unfitting armour, tough skin 1
a: no special abilities


You were on level 2 of the Dungeon.
You were not hungry.

You visited 1 branch of the dungeon, and saw 3 of its levels.

You collected 71 gold pieces.

Inventory:

Missiles
 e - 50 stones (quivered)
 k - 18 poisoned needles
Armour
 a - a +0 robe (worn)
 b - a +0 shield
Scrolls
 g - a scroll of fear {unknown}
 h - a scroll of identify {unknown}
 i - 2 scrolls of teleportation {unknown}
 j - a scroll of immolation {unknown}
Potions
 c - a potion of might
 m - a potion of ambrosia {unknown}
Comestibles
 d - a ration


   Skills:
 - Level 4.5 Fighting
 - Level 2.6 Dodging
 - Level 2.6 Shields
 * Level 4.1 Unarmed Combat


You had 3 spell levels left.
You didn't know any spells.

Dungeon Overview and Level Annotations

Branches:
Dungeon (3/15)

Altars:
Nemelex Xobeh

Annotations:
D:2 exclusions: orc, upstairs and 1 more exclusion, Natasha


Innate Abilities, Weirdness & Mutations

You are too large for most types of armour.
You have tough skin. (AC +1)


Message History

* * * LOW HITPOINT WARNING * * *
You climb upwards.
Level annotation: exclusions: orc, upstairs and 1 more exclusion
There is a stone staircase leading down here.
Unknown command.
It was a potion of curing.
You feel better. The adder bites you.
* * * LOW HITPOINT WARNING * * *
You are poisoned.
The adder poisons you! Natasha barely misses you. The rat bites you.
* * * LOW HITPOINT WARNING * * *
The orc closely misses you. The adder bites you.
* * * LOW HITPOINT WARNING * * *
You are more poisoned.
The adder poisons you! Natasha claws you!
* * * LOW HITPOINT WARNING * * *
The rat bites you but does no damage. The orc barely misses you.
It was a potion of degeneration.
There was something very wrong with that liquid.
You feel weakened.
You feel dopey.
You feel clumsy.
You die...

#†#######.#.#..
#....# #.#.... ####.#
#.#.... #.# #......
#.######....
#...........
##########..######...
#...ro...............
#...@.......#########
#..Sh................
#...)......##########
#..........#
#....).....#
#.....<....#
#......)...#
#..........#
#..........#


You could see Natasha, an adder, an orc and a rat.

Vanquished Creatures
  Robin (D:1)
  An adder (D:2)
  3 gnolls
  A dart slug (D:1)
  A leopard gecko (D:2)
  7 bats
  3 giant cockroaches (D:1)
  12 goblins
  9 hobgoblins
  6 kobolds
  2 frilled lizards
  A rat (D:2)
47 creatures vanquished.

Notes
Turn   | Place    | Note
-------+----------+-------------------------------------------
     0 | D:1      | Zwobot the Ogre Fighter began the quest for the Orb.
     0 | D:1      | Reached XP level 1. HP: 24/24 MP: 1/1
   131 | D:1      | Reached XP level 2. HP: 32/32 MP: 2/2
   774 | D:1      | Reached XP level 3. HP: 40/40 MP: 3/3
  1186 | D:2      | Noticed Robin
  1209 | D:1      | Killed Robin
  1350 | D:2      | Reached XP level 4. HP: 41/49 MP: 4/4
  2174 | D:3      | Found a sparkling altar of Nemelex Xobeh.
  2174 | D:3      | Noticed Natasha
  2188 | D:2      | HP: 1/49 [Natasha (9)]
  2189 | D:2      | Succumbed to an adder's poison

Vault maps used:
D:1:      dpeg_arrival_signposts, hex_medium
D:2:      nicolae_overflow_crystal_walls, first_ration, uniq_sigmund,
          uniq_jessica, uniq_robin
D:3:      nemelex_xobeh_ov_fountains_minmay, uniq_natasha

Skill      XL: |  1  2  3  4 |
---------------+-------------+-----
Unarmed Combat | 2 3 4 |  4.1
Fighting       | |  4.5
Dodging        | |  2.6
Shields        | |  2.6

Action                   |  1- 3 |  4- 6 || total
-------------------------+-------+-------++-------
Melee: Unarmed           |   181 |    67 ||   248
       Punch             |     5 |     1 ||     6
Throw: Stone             |     1 |       ||     1
  Use: Potion            |       |     2 ||     2
  Eat: Chunk             |     2 |     2 ||     4
Armor: Robe              |    60 |    23 ||    83
Dodge: Dodged            |    94 |    55 ||   149

Table legend:
 A = Spawn XP
 B = Non-spawn XP
 C = Spawn XP percentage of total XP
 D = Spawn monster count
 E = Non-spawn monster count
 F = Spawn count percentage of total count
 G = Total turns spent on level
                    A         B        C        D         E        F      G
               +---------+---------+-------+---------+---------+-------+---------
         Total |       0 |     148 |   0.0 |       0 |      47 |   0.0 |  2189
               +---------+---------+-------+---------+---------+-------+---------
           D:1 |       0 |      70 |   0.0 |       0 |      23 |   0.0 |  1405
           D:2 |       0 |      78 |   0.0 |       0 |      24 |   0.0 |   771
               +---------+---------+-------+---------+---------+-------+---------
